 Dungeon Crawl Stone Soup version 0.28.0-53-g5a82cb258f (webtiles) character file.

Game seed: 17870837748092240736

190 Persephone the Slasher (level 5, -6/42 HPs)
             Began as a Merfolk Gladiator on July 6, 2022.
             Killed by nerve-wracking pain
             ... invoked by an orc priest
              (8 damage)
             ... on level 4 of the Dungeon.
             The game lasted 00:04:36 (3124 turns).

Persephone the Slasher (Merfolk Gladiator)          Turns: 3124, Time: 00:04:37

Health: -6/42      AC: 11    Str: 14    XL:     5   Next: 69%
Magic:  5/5        EV: 13    Int:  7    God:
Gold:   93         SH:  9    Dex: 18    Spells: 4/4 levels left

rFire   . . .      SeeInvis .   a - +0 long sword (protect)
rCold   . . .      Faith    .   p - +0 buckler
rNeg    . . .      Spirit   .   b - +0 leather armour
rPois   .          Reflect  +   c - +0 helmet
rElec   .          Harm     .   (no cloak)
rCorr   .          Rampage  .   (no gloves)
Will    .....                   (no boots)
Stlth   +.........              o - amulet of reflection
HPRegen 0.14/turn               (no ring)
MPRegen 0.09/turn               (no ring)

@: under a protective aura
A: (nimble swimmer 2), mertail
a: no special abilities


You were on level 4 of the Dungeon.
You visited 1 branch of the dungeon, and saw 4 of its levels.

You collected 93 gold pieces.

Inventory:

Hand Weapons
 a - a +0 long sword of protection (weapon)
 e - a +0 great sword
Missiles
 d - 3 throwing nets (quivered)
Armour
 b - a +0 leather armour (worn)
 c - a +0 helmet (worn)
 p - a +0 buckler (worn)
Jewellery
 o - an amulet of reflection (around neck)
Potions
 j - a potion of heal wounds
 k - 2 potions of brilliance
 l - a potion of berserk rage
 q - a potion of might {unknown}
 r - a potion of mutation {unknown}


   Skills:
 + Level 3.8 Fighting
 * Level 5.6 Long Blades
 - Level 2.0 Throwing
 - Level 4.0 Dodging
 + Level 1.3 Shields


You had 4 spell levels left.
You didn't know any spells.
Your spell library contained the following spells:

 Spells                   Type           Power      Damage    Failure   Level
 Corpse Rot               Necr/Air       0%         N/A       75%         2
 Static Discharge         Conj/Air       0%         N/A       75%         2
 Freezing Cloud           Conj/Ice/Air   0%         6-21      100%        5
 Summon Cactus Giant      Summ           0%         N/A       100%        6


Dungeon Overview and Level Annotations

Branches:
Dungeon (4/15)
 Temple: D:4-7

Altars:


Innate Abilities, Weirdness & Mutations

((You are very nimble when in or above water. (Stealth+, EV+, Speed+++)))
Your lower body shifts to a powerful aquatic tail in water.


Message History

You hit the orc priest.
The orc priest is heavily wounded.
You block the orc priest's attack.
You hit the orc priest.
The orc priest is severely wounded.
The orc priest hits you with a +0 club. You block the orc priest's attack.
You slash the orc priest!
You kill the orc priest!
You closely miss the orc. The orc hits you but does no damage.
The orc completely misses you.
You slash the orc!
You kill the orc!
There is a stone staircase leading down, spattered with blood here.
Items here: ))) †††.
There is a stone staircase leading down, spattered with blood here.
Items here: ))) †††.
An orc is nearby!
An orc is nearby!
An orc is nearby!
You are too injured to fight recklessly!
You are too injured to fight recklessly!
You are too injured to fight recklessly!
An orc priest comes into view. It is wielding a +0 flail.
There is an open door here.
The orc priest shouts!
You block the orc priest's attack.
The orc priest mumbles some strange prayers to Beogh against you.
Beogh smites you!
There is an open door here.
The orc priest calls down the wrath of Beogh upon you.
Beogh smites you!
* * * LOW HITPOINT WARNING * * *
Unknown command.
You block the orc priest's attack.
You slash the orc priest!
Your weapon exudes an aura of protection.
The orc priest is heavily wounded.
The orc priest calls down the wrath of Beogh upon you.
Pain shoots through your body!
You die...

##### ###
###.######...##########..
........@o...'........>..
###.######...##########..
.. #...# #.. #.
#.######'### #.. #.
#.#........# #). #.#
#.......#..# #..
###.#####...)..#'## #..
#<#............#.. ..o
#.#............#


You could see an orc priest.

Vanquished Creatures
  An orc priest (D:4)
  A hound (D:4)
  4 gnolls (D:4)
  3 adders
  3 dart slugs
  2 orcs (D:4)
  6 bats
  3 endoplasms
  5 giant cockroaches
  7 hobgoblins
  4 jackals (D:2)
  6 kobolds
  3 quokkas
  3 ball pythons
  3 frilled lizards
  3 goblins
  A rat (D:3)
58 creatures vanquished.

Notes
Turn   | Place    | Note
-------+----------+-------------------------------------------
     0 | D:1      | Persephone the Merfolk Gladiator began the quest for the
                  | Orb.
     0 | D:1      | Reached XP level 1. HP: 16/16 MP: 1/1
   303 | D:1      | Reached XP level 2. HP: 23/23 MP: 2/2
   411 | D:1      | Found a faded altar of an unknown god.
   420 | D:1      | Got Ekoad's Guide on the Birds and Summoning
   595 | D:1      | Reached skill level 4 in Long Blades
  1150 | D:2      | Reached XP level 3. HP: 22/28 MP: 3/3
  2023 | D:3      | Reached XP level 4. HP: 34/35 MP: 4/4
  2412 | D:3      | Reached skill level 5 in Long Blades
  2836 | D:4      | Reached XP level 5. HP: 36/41 MP: 5/5
  2851 | D:4      | Reached skill level 1 in Shields
  3121 | D:4      | HP: 2/42 [orc priest/divine providence (12)]
  3124 | D:4      | Killed from afar by an orc priest

Illustrated notes

Levels and vault maps discovered:
D:1:      lemuel_arrival_cross, layout_basic, ebering_ecumenical_altar_abandoned
D:2:      layout_rooms, amcnicky_mini_rare_corridor_liquid, minmay_tromino_mix6
D:3:      layout_loops_ring, minmay_misc_feat_iff
D:4:      layout_basic, regret_index_temple_of_mockery,
          mainiacjoe_overflow_six_doors_small

Skill      XL: |  1  2  3  4  5 |
---------------+----------------+-----
Long Blades    | 4 5 |  5.6
Fighting       | 3 |  3.8
Shields        | 1 |  1.3
Throwing       | |  2.0
Dodging        | |  4.0

Action                   |  1- 3 |  4- 6 || total
-------------------------+-------+-------++-------
Melee: Long sword        |    32 |    53 ||    85
       Great sword       |    59 |    12 ||    71
  Use: Potion            |     1 |       ||     1
       Scroll            |       |     8 ||     8
 Stab: Sleeping          |     1 |     3 ||     4
Armor: Leather armour    |    36 |    11 ||    47
       Skin              |    10 |       ||    10
Dodge: Dodged            |   105 |    33 ||   138
Block: Buckler           |       |    32 ||    32
